 Dungeon Crawl Stone Soup version 0.26.0-3-g156281e41b (webtiles) character file.

Game seed: 4272272679978056345

140 iamyoyoman the Gusty (level 5, -2/28 HPs)
             Began as a Tengu Air Elementalist on Jan 9, 2021.
             Slain by a big kobold
             ... wielding a +0 short sword
              (6 damage)
             ... in a sewer.
             The game lasted 00:10:28 (2307 turns).

iamyoyoman the Gusty (Tengu Air Elementalist)       Turns: 2307, Time: 00:10:28

Health: -2/28      AC:  2    Str:  8    XL:     5   Next: 22%
Magic:  1/9        EV: 13    Int: 16    God:
Gold:   163        SH:  0    Dex: 15    Spells: 4/8 levels left

rFire    x . .     SeeInvis .   d - +1 dagger (holy)
rCold    + . .     Faith    .   (no shield)
rNeg     . . .     Spirit   .   a - +0 robe
rPois    .         Reflect  .   (helmet restricted)
rElec    .         Harm     .   (no cloak)
rCorr    .         Rampage  .   (no gloves)
Will     .....                  (boots unavailable)
Stlth    ++........             (no amulet)
HPRegen  0.09/turn              g - ring of ice
MPRegen  0.11/turn              (no ring)

@: mighty
A: beak, talons 3, able to fly
a: Fly


You were in a sewer.
You visited 1 branch of the dungeon, and saw 3 of its levels.
You also visited: Sewer.

You collected 163 gold pieces.

Inventory:

Hand Weapons
 d - a +1 dagger of holy wrath (weapon)
Armour
 a - a +0 robe (worn)
Jewellery
 g - a ring of ice (left hand)
Scrolls
 b - 2 scrolls of remove curse {unknown}
 e - a scroll of enchant armour {unknown}
 f - 2 scrolls of teleportation {unknown}
 h - a scroll of fear {unknown}
 i - 4 scrolls of identify {unknown}
 l - a scroll of fog {unknown}
 n - a scroll of amnesia {unknown}
 o - a scroll of blinking {unknown}
Potions
 c - a potion of brilliance {unknown}
 j - a potion of curing
 k - 2 potions of might
 m - a potion of cancellation
 q - a potion of degeneration {unknown}
 r - a potion of haste {unknown}


   Skills:
 - Level 2.1 Dodging
 - Level 2.0 Stealth
 - Level 2.0 Spellcasting
 + Level 3.5 Conjurations
 + Level 6.8 Air Magic


You had 4 spell levels left.
You knew the following spells:

 Your Spells              Type           Power        Failure   Level
a - Shock                 Conj/Air       72%          2%          1
b - Static Discharge      Conj/Air       18%          8%          3

Your spell library contained the following spells:

 Spells                   Type           Power        Failure   Level
 Swiftness                Air            23%          1%          2
 Airstrike                Air            11%          12%         4
 Lightning Bolt           Conj/Air       9%           56%         5


Dungeon Overview and Level Annotations

Branches:
Dungeon (3/15)              Sewer (1/1)

Altars:


Innate Abilities, Weirdness & Mutations

You have a beak for a mouth.
You have claws for feet.
You can fly continuously.


Message History

The lightning grounds out.
The bat is struck by an arc of lightning.
You kill the bat!
The lightning grounds out.
The big kobold hits you but does no damage.
Casting: Static Discharge (quite dangerous; 8% risk of failure)
Confirm with . or Enter, or press ? or * to list all spells.
The spell is quite dangerous to cast (8% risk of failure)!
Continue anyway?
The big kobold is struck by an arc of lightning!
The big kobold is heavily wounded.
The big kobold is struck by an arc of lightning!
The big kobold is severely wounded.
The lightning grounds out.
The big kobold is struck by an arc of lightning.
The big kobold is almost dead.
The big kobold is struck by an arc of lightning.
The big kobold is severely wounded.
The lightning grounds out.
The big kobold hits you with a +0 short sword.
You die...

#......P#≈≈≈#
#......≈#≈≈≈# ...
##....P≈P#≈≈≈# ...#
#.....≈≈≈#≈≈≈#≈≈..##
##.....≈≈≈≈≈≈≈#≈≈...#
#.......≈≈#≈≈≈#P≈....
#....††≈≈#†≈≈#≈P....
#...†J†≈P#≈≈K≈≈≈≈...
#...@K...#J≈K≈≈≈P..#
#....K...#≈≈≈≈≈≈≈...
#........P#≈≈≈≈≈≈≈...
#......P≈≈#≈≈≈#≈≈....
##.....≈≈≈≈≈≈≈#≈P....
#......≈P#≈≈≈#≈≈....
#.....P≈≈≈≈≈≈# ≈....
##.....≈≈#≈≈≈# .....
.....≈#≈≈≈# ....


You could see 2 big kobolds and an ooze.

Vanquished Creatures
  Jessica (D:2)
  4 adders (D:2)
  An ooze (D:1)
  3 worms (D:2)
  3 dart slugs (D:1)
  5 leopard geckos
  4 giant cockroaches
  4 jackals (D:2)
  7 kobolds
  A quokka (D:2)
  2 ball pythons (Sewer)
  6 bats
  6 frilled lizards
  9 goblins
  A rat (Sewer)
57 creatures vanquished.

Vanquished Creatures (others)
  2 plants (Sewer)
2 creatures vanquished.

Grand Total: 59 creatures vanquished

Notes
Turn   | Place    | Note
-------+----------+-------------------------------------------
     0 | D:1      | iamyoyoman the Tengu Air Elementalist began the quest for
                  | the Orb.
     0 | D:1      | Reached XP level 1. HP: 10/10 MP: 4/4
    33 | D:1      | Reached XP level 2. HP: 2/15 MP: 1/6
   437 | D:1      | Reached skill level 5 in Air Magic
   756 | D:1      | Reached XP level 3. HP: 19/19 MP: 3/7
   770 | D:1      | Learned a level 3 spell: Static Discharge
  1231 | D:2      | Reached XP level 4. HP: 7/24 MP: 0/8
  1497 | D:2      | Reached skill level 6 in Air Magic
  1525 | D:2      | Noticed Jessica
  1529 | D:2      | Killed Jessica
  1888 | D:2      | Gained mutation: You can fly continuously. [Tengu growth]
  1888 | D:2      | Reached XP level 5. HP: 28/28 MP: 7/9
  2212 | D:3      | Found a glowing drain.
  2222 | Sewer    | Entered a sewer
  2258 | Sewer    | Noticed a big kobold
  2258 | Sewer    | Noticed a big kobold
  2307 | Sewer    | Slain by a big kobold

Illustrated notes

Levels and vault maps discovered:
D:1:      minmay_arrival_five_plusses, layout_rooms
D:2:      layout_rooms, uniq_jessica
D:3:      layout_loops_ring, gup_sewer_entry_pipe
Sewer:    kennysheep_pipe_town

Skill      XL: |  1  2  3  4 |
---------------+-------------+-----
Air Magic      | 5 6 |  6.8
Conjurations   | 2 3 |  3.5
Dodging        | |  2.1
Stealth        | |  2.0
Spellcasting   | |  2.0

Action                   |  1- 3 |  4- 6 || total
-------------------------+-------+-------++-------
Melee: Unarmed           |     4 |       ||     4
       Kick              |     5 |     1 ||     6
       Dagger            |    25 |    18 ||    43
       Peck              |     2 |     2 ||     4
 Cast: Shock             |    48 |    46 ||    94
       Static Discharge  |     2 |     7 ||     9
  Use: Potion            |     1 |     3 ||     4
Armor: Robe              |     1 |    18 ||    19
Dodge: Dodged            |    16 |    70 ||    86
